 Dungeon Crawl Stone Soup version 0.25-a0-294-gea9b1ad378 (webtiles) character file.

Game seed: 15040871226938956479, levelgen mode: classic

14704 Borgoz the Basher (level 12, -8/77 HPs)
             Began as a Gargoyle Berserker on Dec 19, 2019.
             Was an Elder of Trog.
             Mangled by a very large slime creature (46 damage)
             ... on level 12 of the Dungeon.
             The game lasted 00:20:48 (11298 turns).

Borgoz the Basher (Gargoyle Berserker)             Turns: 11298, Time: 00:20:48

Health: -8/77      AC: 20    Str: 21    XL:     12   Next: 19%
Magic:  0/12       EV: 16    Int:  9    God:    Trog [****..]
Gold:   829        SH:  0    Dex: 13    Spells: 11/11 levels left

rFire    . . .     SeeInvis .   a - +2 dire flail (crush)
rCold    . . .     Gourm    .   (shield currently unavailable)
rNeg     + . .     Faith    .   p - +1 troll leather armour {Snorg}
rPois    ∞         Spirit   +   j - +1 hat
rElec    +         Reflect  .   o - scarf {Spirit}
rCorr    +         Harm     .   (no gloves)
MR       +....                  y - +2 pair of boots
Stlth    +.........             J - amulet of guardian spirit
HPRegen  0.62/turn              k - ring of resist corrosion
MPRegen  0.13/turn              O - ring of protection from magic

@: studying Long Blades
A: negative energy resistance 1, electricity resistance, unbreathing,
petrification resistance, rot immunity, AC +8
a: Berserk, Trog's Hand, Brothers in Arms, Renounce Religion


You were on level 12 of the Dungeon.
You worshipped Trog.
Trog was greatly pleased with you.
You were hungry.

You visited 1 branch of the dungeon, and saw 12 of its levels.

You collected 829 gold pieces.

Inventory:

Hand Weapons
 a - a +2 dire flail of crushing (weapon)
 v - a +0 great mace
Armour
 j - a +1 hat (worn)
 o - a scarf of spirit shield (worn)
 p - a +1 troll leather armour (worn) {Snorg}
 y - a +2 pair of boots (worn)
 L - +0 acid dragon scales
Jewellery
 k - a ring of resist corrosion (left hand)
 H - an uncursed ring of ice
 J - an amulet of guardian spirit (around neck)
 O - a ring of protection from magic (right hand)
Wands
 A - a wand of random effects (18)
 I - a wand of iceblast (22)
 P - a wand of clouds (2)
 Q - a wand of digging (7)
Scrolls
 b - 2 scrolls of random uselessness {unknown}
 d - 3 scrolls of enchant weapon
 e - 6 scrolls of teleportation
 f - a scroll of blinking {unknown}
 h - a scroll of fear {unknown}
 l - 2 scrolls of magic mapping {unknown}
 q - a scroll of immolation {unknown}
 r - a scroll of noise {unknown}
 u - 4 scrolls of amnesia {unknown}
 x - a scroll of fog {unknown}
 z - 2 scrolls of enchant armour {unknown}
 G - 3 scrolls of remove curse
 K - a scroll of holy word {unknown}
 M - a scroll of brand weapon {unknown}
Potions
 g - 4 potions of curing
 i - 2 potions of lignification
 m - a potion of flight
 n - 2 potions of agility
 s - 3 potions of invisibility
 w - a potion of resistance
 B - a potion of brilliance {unknown}
 E - a potion of mutation
 F - 2 potions of haste {unknown}
 N - 4 potions of berserk rage {unknown}
Books
 t - a manual of Long Blades
Comestibles
 c - 13 rations


   Skills:
 * Level 10.0 Fighting
 + Level 5.5 Long Blades
 * Level 11.3 Maces & Flails
 * Level 10.2 Armour
 * Level 7.9 Dodging


You had 11 spell levels left.
You didn't know any spells.
Your spell library was empty.

Dungeon Overview and Level Annotations

Branches:
Dungeon (12/15)            Temple (0/1) D:5            Lair (0/6) D:8
    Orc (0/2) D:9

Altars:
Gozag
Hepliaklqana
Kikubaaqudgha
Nemelex Xobeh
Uskayaw
Vehumet
Wu Jian
Xom
The Shining One

Shops:
D:5 :   D:11 (


Innate Abilities, Weirdness & Mutations

You are resistant to torment.
Your stone body is resilient. (AC +8)
You are immune to poison.
You resist negative energy. (rN+)
You are resistant to electric shocks. (rElec)
You can survive without breathing.
You are immune to petrification.
You are immune to rotting.


Message History

You bludgeon the very large slime creature!!
The very large slime creature is severely wounded.
The sky beast flickers out of sight!
Deactivating autopickup; reactivate with Ctrl-A.
You sock the very large slime creature!
The very large slime creature is severely wounded.
The very large slime creature closely misses you.
The eye of draining gazes at you.
You feel your power leaking away.
You hit the very large slime creature.
The very large slime creature is severely wounded.
The very large slime creature hits you!!!
Ouch! That really hurt!
You bludgeon the very large slime creature!!
The very large slime creature is almost dead.
You barely miss the very large slime creature.
The very large slime creature is almost dead.
The very large slime creature hits you!!!
Ouch! That really hurt!
You die...

.........##...........#
#.#
...###..##...........#
#.# ...
#..##...........# #.#
..
#..##...........####.#
#..##................#
#..##................#
.......
#..##...........<##..#
........#
#..##............##..#
........#
#..##@####.......##..#
.<......# #..##J#
#.......##..# ........#
#..).{# #.......##...
........###JJ...#
#.......##...
................#
#.......##...
.............#..#
#.......##...
...../..G##..#..#
#.......##...
.........##..#..#
#.####..##...
.........##..#..# #.#
#..##...


You could see a very large slime creature.

Vanquished Creatures
  Snorg (D:10)
  A two-headed ogre (D:9)
  A death knight (D:11)
  2 unseen horrors
  Pikel (D:8)
  A manticore (D:12)
  2 slime creatures (D:12)
  A cyclops (D:11)
  Joseph (D:8)
  Psyche (D:9)
  2 centaur skeletons (D:10)
  A gargoyle (D:12)
  2 freezing wraiths (D:11)
  2 trolls
  A hornet (D:8)
  A hippogriff (D:7)
  3 wyverns
  6 yaks (D:10)
  A wraith (D:11)
  An acid dragon (D:8)
  2 water moccasins
  6 orc warriors
  4 slaves (D:8)
  An ice beast (D:5)
  2 sky beasts (D:8)
  A necrophage (D:9)
  2 black bears
  An eye of draining (D:11)
  2 phantoms (D:6)
  4 centaurs
  2 ogres
  The ghost of Borgoz the Skirmisher, an amateur GrBe of Trog (D:3)
  2 crocodiles (D:8)
  8 bullfrogs
  A wyvern zombie (D:11)
  5 scorpions
  A water moccasin skeleton (D:5)
  6 killer bees (D:12)
  3 vampire bats (D:9)
  18 wights
  A howler monkey (D:5)
  A centaur zombie (D:8)
  4 crimson imps
  5 jellies
  A quasit (D:6)
  4 hounds
  4 orc wizards
  A gnoll shaman (D:5)
  7 orc priests
  2 bullfrog skeletons
  2 iguanas
  8 worker ants
  A killer bee zombie (D:4)
  A worker ant zombie (D:8)
  Robin (D:2)
  4 gnolls (D:5)
  14 adders
  A shadow imp (D:8)
  2 oozes (D:7)
  3 adder skeletons
  4 worms
  3 leopard geckos
  31 orcs
  4 bats
  A bat skeleton (D:9)
  4 bat zombies (D:9)
  3 giant cockroaches
  11 goblins
  8 hobgoblins
  13 jackals
  9 kobolds
  4 quokkas
  A ball python (D:3)
  6 frilled lizards
  A leopard gecko zombie (D:7)
  2 quokka skeletons
  5 rats
  A fungus (D:8)
282 creatures vanquished.

Notes
Turn   | Place    | Note
-------+----------+-------------------------------------------
     0 | D:1      | Borgoz the Gargoyle Berserker began the quest for the Orb.
     0 | D:1      | Reached XP level 1. HP: 14/14 MP: 1/1
   566 | D:1      | Reached XP level 2. HP: 14/19 MP: 2/2
  1136 | D:2      | Noticed a water moccasin
  1152 | D:2      | Killed a water moccasin
  1152 | D:2      | Reached skill level 4 in Maces & Flails
  1152 | D:2      | Reached XP level 3. HP: 22/23 MP: 3/3
  1152 | D:2      | Reached XP level 4. HP: 28/28 MP: 4/4
  1152 | D:2      | Reached XP level 5. HP: 32/32 MP: 5/5
  1514 | D:2      | Noticed Robin
  1550 | D:2      | Killed Robin
  1552 | D:2      | Reached ** piety under Trog
  2813 | D:3      | Found a runed translucent door.
  2815 | D:3      | Noticed Borgoz's ghost (amateur GrBe)
  2961 | D:3      | Found a runed translucent door.
  3073 | D:3      | Found a glowing golden altar of the Shining One.
  3357 | D:4      | Reached XP level 6. HP: 31/37 MP: 6/6
  3866 | D:4      | Reached *** piety under Trog
  3871 | D:4      | Found a radiant altar of Vehumet.
  4082 | D:5      | Entered Level 5 of the Dungeon
  4082 | D:5      | Found a hide-covered altar of Uskayaw.
  4099 | D:5      | Reached skill level 5 in Maces & Flails
  4166 | D:5      | Noticed an orc warrior
  4177 | D:5      | Killed an orc warrior
  4177 | D:5      | Reached XP level 7. HP: 42/43 MP: 5/7
  4295 | D:5      | Found a staircase to the Ecumenical Temple.
  4326 | D:5      | Reached skill level 6 in Maces & Flails
  4326 | D:5      | Reached skill level 5 in Armour
  4375 | D:5      | Reached XP level 8. HP: 38/48 MP: 6/8
  4637 | D:5      | Found Ipnoj's Book Shoppe.
  5081 | D:6      | Reached skill level 5 in Fighting
  5297 | D:6      | Reached **** piety under Trog
  5377 | D:6      | Found a radiant altar of Vehumet.
  5492 | D:6      | Reached skill level 7 in Maces & Flails
  6030 | D:7      | Reached XP level 9. HP: 49/55 MP: 9/9
  6089 | D:7      | Found an ornate altar of the Wu Jian Council.
  6227 | D:7      | Reached skill level 8 in Maces & Flails
  6305 | D:7      | Found a sparkling altar of Nemelex Xobeh.
  6334 | D:7      | Found an opulent altar of Gozag.
  6499 | D:7      | Reached skill level 5 in Dodging
  6732 | D:8      | Found an opulent altar of Gozag.
  6766 | D:8      | Noticed a hornet
  6779 | D:8      | Killed a hornet
  6784 | D:8      | Noticed Pikel
  6829 | D:8      | Killed Pikel
  6914 | D:8      | Found a staircase to the Lair.
  6926 | D:8      | Noticed Joseph
  6970 | D:8      | Killed Joseph
  6970 | D:8      | Reached skill level 9 in Maces & Flails
  6970 | D:8      | Reached XP level 10. HP: 63/63 MP: 8/10
  7515 | D:8      | Got a shimmering bronze amulet
  7522 | D:8      | Identified the amulet "Usoqul" {+Rage rElec rPois MR-
                  | Int-4} (You found it on level 8 of the Dungeon)
  7708 | D:8      | Reached skill level 1 in Long Blades
  7779 | D:8      | Found a shimmering altar of Xom.
  7780 | D:8      | Found a hazy altar of Hepliaklqana.
  7781 | D:8      | Noticed a spectral ugly thing
  8019 | D:3      | Killed Borgoz's ghost
  8243 | D:9      | Found a staircase to the Orcish Mines.
  8380 | D:9      | Found an ancient bone altar of Kikubaaqudgha.
  8512 | D:9      | Reached skill level 10 in Maces & Flails
  8698 | D:9      | Noticed a two-headed ogre
  8714 | D:9      | Killed a two-headed ogre
  8869 | D:9      | Noticed Psyche
  8883 | D:9      | Killed Psyche
  8883 | D:9      | Reached XP level 11. HP: 68/69 MP: 11/11
  9130 | D:10     | Entered Level 10 of the Dungeon
  9185 | D:10     | Killed an unseen horror
  9434 | D:10     | Reached ***** piety under Trog
  9434 | D:10     | Received a gift from Trog
  9513 | D:10     | Noticed Snorg
  9522 | D:10     | Killed Snorg
  9921 | D:11     | Killed an unseen horror
 10063 | D:11     | Found Semul's Antique Weapon Emporium.
 10184 | D:11     | Noticed a cyclops
 10191 | D:11     | Killed a cyclops
 10279 | D:11     | Noticed a death knight
 10440 | D:11     | Reached skill level 11 in Maces & Flails
 10455 | D:11     | Reached skill level 5 in Long Blades
 10487 | D:11     | Killed a death knight
 10487 | D:11     | Reached skill level 10 in Armour
 10487 | D:11     | Reached XP level 12. HP: 15/77 MP: 2/12
 10831 | D:12     | Got a steaming falchion
 10832 | D:12     | Identified the +6 falchion "Norghuef" {pain, Int+5} (You
                  | found it on level 12 of the Dungeon)
 10954 | D:12     | Reached skill level 10 in Fighting
 11298 | D:12     | Mangled by a very large slime creature

Levels and vault maps discovered:
D:1:      lemuel_arrival_rhombus, layout_loops_corners
D:2:      layout_loops_corners, chequers_garden, hangedman_glass_teeth,
          uniq_robin
D:3:      layout_loops_cross, tso_oasis_becter, ebering_ghost_sewer_f
D:4:      layout_basic, vehumet_crystals, first_ration
D:5:      layout_basic, lemuel_crystal_altar, minmay_temple_entry_sparse_star,
          serial_shops, nicolae_shop_trees, guppyfry_early_orc_mine
D:6:      layout_loops_ring, basic_altar, minmay_misc_feat_more_columns,
          hangedman_abyss_or_decor_stabs, hangedman_decor_growths,
          grunt_decor_cap, st_stairs_1
D:7:      layout_loops_cross, nemelex_xobeh_ov_fountains_minmay,
          kennysheep_mini, grunt_gozag_breadcrumbs
D:8:      minmay_the_grid_octo_2x2 [minmay_the_grid_octo_vomiting_pacman,
          minmay_the_grid_octo_tetromino_candy, minmay_the_grid_octo_empty,
          minmay_the_grid_octo_prize_ultimate_mussel_roller], layout_rooms,
          regret_index_temple_of_mockery, old_standard_altar, dpeg_oklobed_lair,
          uniq_pikel, uniq_joseph
D:9:      layout_irregular_city, kennysheep_vampire_church, orc_0_dummy,
          uniq_psyche
D:10:     layout_loops_ring, uniq_snorg
D:11:     layout_irregular_city, serial_shops, nicolae_shop_crystal
D:12:     layout_long_grid, the_bakery

Skill      XL: |  1  2  3  4  5  6  7  8  9 10 11 12 |
---------------+-------------------------------------+-----
Maces & Flails | 4 5 6 7 9 10 11 | 11.3
Armour         | 3 4 5 6 7 8 10 | 10.2
Dodging        | 2 3 4 5 6 7 |  7.9
Fighting       | 4 5 7 8 9 10 | 10.0
Long Blades    | 3 5 |  5.5

Action                   |  1- 3 |  4- 6 |  7- 9 | 10-12 || total
-------------------------+-------+-------+-------+-------++-------
Melee: Mace              |    58 |   268 |    72 |       ||   398
       Morningstar       |       |       |   207 |       ||   207
       Whip              |       |       |    16 |   381 ||   397
       Dire flail        |       |       |       |   278 ||   278
Throw: Throwing net      |       |       |     1 |       ||     1
Invok: Berserk           |     1 |     4 |     3 |     6 ||    14
       Trog's Hand       |       |       |     2 |     1 ||     3
Evoke: Wand              |       |       |       |     1 ||     1
  Use: Scroll            |       |       |    11 |     4 ||    15
       Potion            |       |       |       |     1 ||     1
 Stab: Sleeping          |       |       |     2 |     3 ||     5
  Eat: Chunk             |     1 |    13 |    12 |    14 ||    40
       Ration            |       |       |       |     2 ||     2
Armor: Animal skin       |    26 |    82 |       |       ||   108
       Ring mail         |       |    39 |   209 |    38 ||   286
       Acid dragon scale |       |       |       |    56 ||    56
       Troll leather arm |       |       |       |   176 ||   176
Dodge: Dodged            |    57 |   203 |   259 |   365 ||   884

Table legend:
 A = Non-vault XP
 B = Vault XP
 C = Vault XP percentage of total XP
 D = Non-vault monster count
 E = Vault monster count
 F = Vault count percentage of total count
                 A         B        C        D         E       F
            +---------+---------+-------+---------+---------+-------
      Total |   16725 |    4282 |  20.4 |     227 |      50 |  18.1
            +---------+---------+-------+---------+---------+-------
        D:1 |      14 |       0 |   0.0 |       7 |       0 |   0.0
        D:2 |     207 |      35 |  14.5 |      20 |      11 |  35.5
        D:3 |      55 |     120 |  68.6 |      28 |       5 |  15.2
        D:4 |     161 |       0 |   0.0 |       9 |       0 |   0.0
        D:5 |     651 |     228 |  25.9 |      24 |       7 |  22.6
        D:6 |     758 |      37 |   4.7 |      15 |       2 |  11.8
        D:7 |     911 |       0 |   0.0 |      14 |       0 |   0.0
        D:8 |    1575 |    2140 |  57.6 |      25 |      15 |  37.5
        D:9 |    2071 |     616 |  22.9 |      15 |       9 |  37.5
       D:10 |    3407 |    1106 |  24.5 |      26 |       1 |   3.7
       D:11 |    4349 |       0 |   0.0 |      28 |       0 |   0.0
       D:12 |    2566 |       0 |   0.0 |      16 |       0 |   0.0
            +---------+---------+-------+---------+---------+-------
